 Dungeon Crawl Stone Soup version 0.30.0-2-g1aa4bd4387 (webtiles) character file.

Game seed: 9502658047348992071

784 Byczy the Skirmisher (level 7, -3/36 HPs)
             Began as a Spriggan Hunter on May 7, 2023.
             Slain by a killer bee (4 damage)
             ... on level 4 of the Dungeon.
             The game lasted 00:26:42 (3778 turns).

Byczy the Skirmisher (Spriggan Hunter)              Turns: 3778, Time: 00:26:44

Health: -3/36      AC:  4    Str:  7    XL:     7   Next: 55%
Magic:  9/9        EV: 18    Int: 11    God:
Gold:   227        SH:  0    Dex: 20    Spells: 6/7 levels left

rFire   . . .        a - +0 shortbow
rCold   + + .        (shield currently unavailable)
rNeg    . . .        u - +2 robe {rC+}
rPois   .            (helmet restricted)
rElec   .            (no cloak)
rCorr   .            (gloves unavailable)
SInv    +            (boots unavailable)
Will    +....        d - amulet of magic regeneration
Stlth   ++           m - ring of protection from cold
HPRegen 0.26/turn    (no ring)
MPRegen 0.51/turn

%: no passive effects
@: very quick
A: very small, no large weapons, unfitting armour, see invisible, speed 3
a: no special abilities


You were on level 4 of the Dungeon.
You visited 1 branch of the dungeon, and saw 5 of its levels.

You collected 227 gold pieces.

Inventory:

Hand Weapons
 a - a +0 shortbow (weapon)
 j - a +2 dagger of speed
 l - a +2 short sword of electrocution
 w - a +4 dagger
 A - a +2 dire flail of holy wrath
Missiles
 k - 44 stones
Armour
 c - a +0 robe
 u - a +2 robe of cold resistance (worn)
 B - a +1 scale mail of cold resistance
Magical Staves
 p - a staff of death
 z - a staff of cold
Jewellery
 d - an amulet of magic regeneration (around neck)
 m - a ring of protection from cold (left hand)
 E - an amulet of magic regeneration
Wands
 r - a wand of roots (2)
Scrolls
 b - 2 scrolls of immolation
 e - 2 scrolls of acquirement {unknown}
 g - 2 scrolls of teleportation {unknown}
 h - a scroll of noise {unknown}
 i - 7 scrolls of identify {unknown}
 n - 3 scrolls of enchant weapon {unknown}
 o - a scroll of fog {unknown}
 q - a scroll of fear {unknown}
 t - 2 scrolls of amnesia {unknown}
 x - 2 scrolls of enchant armour {unknown}
 y - a scroll of vulnerability {unknown}
 C - a scroll of magic mapping {unknown}
Potions
 f - 2 potions of mutation {unknown}
 s - 2 potions of heal wounds {unknown}
 v - a potion of cancellation {unknown}
 D - a potion of haste {unknown}
 F - 2 potions of degeneration {unknown}


   Skills:
 + Level 3.4 Fighting
 + Level 8.2 Ranged Weapons
 + Level 3.4 Dodging
 + Level 2.5 Stealth
 + Level 0.7 Spellcasting
 + Level 0.5 Hexes


You had 6 spell levels left.
You knew the following spells:

 Your Spells              Type           Power      Damage    Failure   Level
a - Slow                  Hex            4%         N/A       26%         1

Your spell library contained the following spells:

 Spells                   Type           Power      Damage    Failure   Level
 Apportation              Tloc           0%         N/A       32%         1
 Necrotise                Necr           0%         1d4       32%         1
 Sandblast                Erth           0%         2d4       32%         1
 Summon Small Mammal      Summ           0%         N/A       32%         1
 Passwall                 Tmut/Erth      0%         N/A       45%         2
 Confusing Touch          Hex            1%         N/A       63%         3
 Stone Arrow              Conj/Erth      0%         3d7       69%         3
 Vampiric Draining        Necr           0%         2d6       69%         3


Dungeon Overview and Level Annotations

Branches:
Dungeon (5/15)
 Temple: D:4-7

Altars:

Shops:
D:3 [


Innate Abilities, Weirdness & Mutations

You are very small and have problems with some larger weapons.
You are too small for most types of armour.
You have supernaturally acute eyesight. (SInv)
You cover ground extremely quickly. (Speed+++)


Message History

The orc priest mumbles some strange prayers to Beogh against you.
Beogh smites you!
The killer bee attacks as you move away!
The killer bee stings you.
The killer bee attacks as you move away!
The killer bee stings you. The killer bee misses you.
The killer bee stings you but does no damage.
The killer bee attacks as you move away!
The killer bee barely misses you.
The killer bee attacks as you move away!
The killer bee misses you.
The killer bee attacks as you move away!
The killer bee misses you.
The killer bee attacks as you move away!
The killer bee completely misses you. The killer bee barely misses you. x2
The killer bee attacks as you move away!
The killer bee closely misses you.
The killer bee attacks as you move away!
The killer bee closely misses you.
The killer bee attacks as you move away!
The killer bee stings you!
* * * LOW HITPOINT WARNING * * *
The killer bee barely misses you. The killer bee completely misses you.
The killer bee attacks as you move away!
The killer bee stings you but does no damage.
There is a stone staircase leading up here.
You can't go down here!
The killer bee stings you!
* * * LOW HITPOINT WARNING * * *
The killer bee closely misses you. x2; The killer bee misses you.
You climb upwards.
There is a stone staircase leading down here.
You shoot an arrow. The arrow hits the killer bee!
The killer bee is heavily wounded.
The killer bee stings you.
* * * LOW HITPOINT WARNING * * *
The killer bee closely misses you. The killer bee completely misses you.
The killer bee stings you.
You die...

..........#
##........#### #.
.........## ##.....###
##.
#.#......##########..###
##..
###..............###.#
#... #.............##
#.# ##...
#.............####.#
#....
#.............##...#
#....
#...##.............#
##....
#...####......@y...#
#.....
##.............yy...#
#.....
#...................#
#.....
#####################
###... ####


You could see 3 killer bees.

Vanquished Creatures
  Grinder (D:3)
  Sigmund (D:3)
  Edmund (D:4)
  An ice beast (D:3)
  A hound (D:4)
  Jessica (D:3)
  An iguana (D:5)
  An orc wizard (D:5)
  2 adders
  A white imp (D:5)
  An ufetubus (D:5)
  2 worms (D:2)
  3 dart slugs
  5 orcs
  4 ball pythons
  5 bats
  14 endoplasms
  2 giant cockroaches
  9 goblins
  5 hobgoblins
  2 jackals (D:3)
  3 quokkas
  5 frilled lizards
  9 kobolds
  7 rats
87 creatures vanquished.

Notes
Turn   | Place    | Note
-------+----------+-------------------------------------------
     0 | D:1      | Byczy the Spriggan Hunter began the quest for the Orb.
     0 | D:1      | Reached XP level 1. HP: 10/10 MP: 2/2
   204 | D:1      | Reached XP level 2. HP: 14/14 MP: 3/3
   356 | D:1      | Reached XP level 3. HP: 18/18 MP: 4/4
   835 | D:2      | Reached skill level 5 in Ranged Weapons
  1168 | D:2      | Reached XP level 4. HP: 23/23 MP: 5/5
  1170 | D:2      | Learned a level 1 spell: Slow
  1573 | D:3      | Noticed Sigmund
  1588 | D:3      | Killed Sigmund
  1589 | D:3      | Reached skill level 6 in Ranged Weapons
  1589 | D:3      | Reached XP level 5. HP: 13/27 MP: 6/6
  1734 | D:3      | Noticed an ice beast
  1749 | D:3      | Killed an ice beast
  1750 | D:3      | Reached XP level 6. HP: 32/32 MP: 7/7
  1878 | D:3      | Noticed Jessica
  1880 | D:3      | Killed Jessica
  1901 | D:3      | Found Varuw's Antique Armour Boutique.
  1915 | D:3      | Noticed Grinder
  1917 | D:3      | Paralysed by Grinder for 3 turns
  1933 | D:3      | Paralysed by Grinder for 2 turns
  1944 | D:3      | Paralysed by Grinder for 2 turns
  1952 | D:3      | Killed Grinder
  1953 | D:3      | Reached skill level 7 in Ranged Weapons
  1953 | D:3      | Reached XP level 7. HP: 29/36 MP: 8/8
  2816 | D:4      | Noticed Edmund
  2938 | D:4      | Killed Edmund
  2939 | D:4      | Reached skill level 8 in Ranged Weapons
  3568 | D:5      | Entered Level 5 of the Dungeon
  3778 | D:4      | HP: 1/36 [killer bee (2)]
  3778 | D:4      | Slain by a killer bee

Illustrated notes

Levels and vault maps discovered:
D:1:      lemuel_arrival_muddy, layout_loops_ring
D:2:      layout_loops_ring, minmay_tall_x
D:3:      layout_basic, serial_shops, nicolae_shop_hallway_stairs, uniq_sigmund,
          uniq_grinder, uniq_jessica
D:4:      layout_cave_pods, uniq_edmund
D:5:      layout_cave_pods

Skill      XL: |  1  2  3  4  5  6  7 |
---------------+----------------------+-----
Fighting       | 2 3 |  3.4
Ranged Weapons | 5 6 7 8 |  8.2
Dodging        | 3 |  3.4
Stealth        | 2 |  2.5
Spellcasting   | |  0.7
Hexes          | |  0.5

Action                     |  1- 3 |  4- 6 |  7- 9 || total
---------------------------+-------+-------+-------++-------
   Fire: Shortbow          |   111 |    50 |   103 ||   264
   Cast: Slow              |       |       |     2 ||     2
 Armour: Robe              |     7 |     1 |     4 ||    12
  Dodge: Dodged            |    29 |    12 |    23 ||    64
